 Dungeon Crawl Stone Soup version 0.28-a0-706-gf6f64a616a (webtiles) character file.

Game seed: 15243339347291226798

983 KoroneIsBestGirl the Frost Mage (level 8, -2/78 HPs)
             Began as a Barachi Ice Elementalist on Oct 24, 2021.
             Was an Elder of Cheibriados.
             Shot with an arrow by a centaur (5 damage)
             ... on level 6 of the Dungeon.
             The game lasted 00:08:02 (5479 turns).

KoroneIsBestGirl the Frost Mage (BaIE)              Turns: 5479, Time: 00:08:03

Health: -2/78      AC: 24    Str: 19    XL:     8   Next: 17%
Magic:  16/16      EV:  2    Int: 27    God:    Cheibriados [****..]
Gold:   319        SH:  0    Dex: 21    Spells: 7/18 levels left

rFire   . . .      SeeInvis .   h - +1 whip (elec)
rCold   . . .      Faith    .   (no shield)
rNeg    . . .      Spirit   .   (armour currently unavailable)
rPois   +          Reflect  .   (helmet currently unavailable)
rElec   .          Harm     .   (cloak currently unavailable)
rCorr   .          Rampage  .   (gloves currently unavailable)
Will    .....      NoTele   +   (boots currently unavailable)
Stlth   ++........              (no amulet)
HPRegen 0.23/turn               g - ring of wizardry
MPRegen 0.15/turn               (no ring)

@: tree-form, unable to hop, very slow
A: stationary, stasis, torment immunity, boosted hp, (amphibious), (slowness 1),
(strong legs 1), +LOS
a: Renounce Religion, Bend Time, Temporal Distortion, Slouch


You were on level 6 of the Dungeon.
You worshipped Cheibriados.
Cheibriados was greatly pleased with you.
You were a tree.
You visited 1 branch of the dungeon, and saw 6 of its levels.

You collected 319 gold pieces.

Inventory:

Hand Weapons
 b - a +0 spear
 h - a +1 whip of electrocution (weapon)
Armour
 a - a +0 robe (melded)
 l - a +0 helmet (melded)
 q - a +0 pair of boots (melded)
 s - a +0 cloak (melded)
Jewellery
 g - a ring of wizardry (left branch)
Wands
 o - a wand of flame (26)
Scrolls
 c - 2 scrolls of identify {unknown}
 e - 2 scrolls of magic mapping {unknown}
 f - 2 scrolls of amnesia {unknown}
 i - 2 scrolls of noise {unknown}
 j - 5 scrolls of teleportation {unknown}
 m - a scroll of fear {unknown}
 n - a scroll of vulnerability {unknown}
 p - 2 scrolls of summoning {unknown}
Potions
 d - a potion of lignification
 k - a potion of invisibility {unknown}
 r - a potion of berserk rage {unknown}
 t - a potion of haste {unknown}
 u - a potion of resistance {unknown}


   Skills:
 + Level 6.1 Dodging
 - Level 1.7 Stealth
 + Level 5.7 Spellcasting
 + Level 8.0 Ice Magic


You had 7 spell levels left.
You knew the following spells:

 Your Spells              Type           Power      Damage    Failure   Level
a - Freeze                Ice            100%       1d11      1%          1
b - Frozen Ramparts       Ice            100%       1d12      1%          3
c - Ozocubu's Armour      Ice            50%        N/A       1%          3
d - Hailstorm             Conj/Ice       29%        3d8       5%          4

Your spell library contained the following spells:

 Spells                   Type           Power      Damage    Failure   Level
 Ensorcelled Hibernation  Hex/Ice        58%        N/A       1%          2
 Summon Small Mammal      Summ           28%        N/A       2%          1
 Call Canine Familiar     Summ           7%         N/A       9%          3
 Conjure Flame            Conj/Fire      7%         6-21      9%          3
 Ignite Poison            Fire/Tmut/Pois 7%         N/A       9%          3
 Summon Guardian Golem    Hex/Summ       7%         N/A       9%          3
 Tukima's Dance           Hex            7%         N/A       9%          3
 Sticky Flame             Conj/Fire      7%         2d3       26%         4


Dungeon Overview and Level Annotations

Branches:
Dungeon (6/15)             Temple (0/1) D:4

Altars:
Cheibriados

Shops:
D:2 *

Portals:
Abyss: D:3

Annotations:
D:3 2 transporters, bellsore's ghost, amateur GrEE


Innate Abilities, Weirdness & Mutations

You are a tree.
Your roots penetrate the ground, keeping you stationary.
You cannot be teleported.
You are immune to unholy pain and torment.
Your maximum health is greatly increased.
Your equipment is partially melded.
((You are amphibious.))
((You cover ground slowly.))
((You can hop short distances.))
You have an extended range of vision and can be seen from far away.


Message History

Cheibriados thoroughly appreciates the change of pace.
Your Ice Magic skill increases to level 8!
No target in view!
No target in view!
No target in view!
No target in view!
No target in view!
j - 5 scrolls labelled HUOFUX DETS (gained 3)
A centaur comes into view.
A centaur is nearby!
A centaur is nearby!
The centaur shouts!
The centaur wields a +0 shortbow.
The centaur shoots an arrow.
The arrow hits you!
The centaur shoots an arrow.
The arrow hits you!
The centaur shoots an arrow.
The arrow misses you.
The centaur shoots an arrow.
The arrow hits you!
The centaur shoots an arrow.
The arrow hits you!
* * * LOW HITPOINT WARNING * * *
The centaur shoots an arrow.
The arrow closely misses you.
You are too injured to fight recklessly!
You are too injured to fight recklessly!
You are too injured to fight recklessly!
Hop to where?
Press: ? - help, Dir - move target Boing!
The centaur shoots an arrow.
The arrow hits you.
* * * LOW HITPOINT WARNING * * *
Casting: Freeze (safe; 1% risk of failure)
Confirm with . or Enter, or press ? or * to list all spells.
Casting: Frozen Ramparts (safe; 1% risk of failure)
Press: ? - help, Dir - look around, f - activate
Okay, then.
The centaur shoots an arrow.
The arrow barely misses you.
The centaur shoots an arrow.
The arrow hits you!
* * * LOW HITPOINT WARNING * * *
The centaur shoots an arrow.
The arrow misses you.
It was a potion of lignification.
You turn into a tree.
Your +0 cloak melds into your body.
Your +0 helmet melds into your body.
Your +0 pair of boots melds into your body.
Your +0 robe melds into your body.
Your roots penetrate the ground.
The centaur shoots an arrow.
The arrow hits you.
You die...

#### ..# #.###########
##.##........########.#
......#####.....♣.....#
..................c...#
...###.####...#######.#
##.# #.# #..## #.# #.#
#.... ##.# #.# #..#.#
...###.####..#.#
.............# #
...######.##.#


You could see a centaur.

Vanquished Creatures
  4 ogres
  A bullfrog (D:5)
  A water moccasin zombie (D:5)
  2 howler monkeys (D:4)
  2 centaur skeletons (D:4)
  An orc priest (D:4)
  A hound (D:5)
  A jelly (D:6)
  An orc wizard (D:4)
  2 hound skeletons
  A howler monkey skeleton (D:4)
  A howler monkey zombie (D:6)
  6 adders
  5 gnolls
  A white imp (D:6)
  2 ufetubi
  6 worms
  A dart slug (D:2)
  7 orcs (D:4)
  10 endoplasms
  2 giant cockroaches
  7 goblins
  12 hobgoblins
  7 jackals
  6 quokkas
  5 ball pythons
  5 bats
  2 frilled lizards (D:3)
  A jackal skeleton (D:4)
  7 kobolds
  4 rats
114 creatures vanquished.

Vanquished Creatures (others)
  10 plants (D:2)
10 creatures vanquished.

Grand Total: 124 creatures vanquished

Notes
Turn   | Place    | Note
-------+----------+-------------------------------------------
     0 | D:1      | KoroneIsBestGirl the Barachi Ice Elementalist began the
                  | quest for the Orb.
     0 | D:1      | Reached XP level 1. HP: 13/13 MP: 3/3
    19 | D:1      | Reached skill level 5 in Ice Magic
    19 | D:1      | Reached XP level 2. HP: 13/19 MP: 0/5
   672 | D:1      | Reached XP level 3. HP: 21/24 MP: 7/7
   981 | D:1      | Found a faded altar of an unknown god.
   984 | D:1      | Prayed at the altar of an unknown god.
   984 | D:1      | Became a worshipper of Cheibriados the Contemplative
   984 | D:1      | Reached * piety under Cheibriados
  1492 | D:2      | Learned a level 3 spell: Frozen Ramparts
  1496 | D:2      | Learned a level 3 spell: Ozocubu's Armour
  1677 | D:2      | Found Ymempoew's General Store.
  1894 | D:2      | Reached XP level 4. HP: 6/30 MP: 2/8
  2033 | D:2      | Reached ** piety under Cheibriados
  2647 | D:3      | Found a one-way gate to the infinite horrors of the Abyss.
  2647 | D:3      | Noticed bellsore's ghost (amateur GrEE)
  2659 | D:3      | Found a transporter.
  2691 | D:3      | Found a transporter.
  2697 | D:3      | Noticed a kobold brigand
  2769 | D:3      | Reached *** piety under Cheibriados
  2880 | D:3      | Reached XP level 5. HP: 32/35 MP: 7/10
  3240 | D:4      | Reached skill level 6 in Ice Magic
  3289 | D:4      | Learned a level 4 spell: Hailstorm
  3446 | D:4      | Found a staircase to the Ecumenical Temple.
  3636 | D:4      | Noticed an ogre
  3667 | D:4      | Reached XP level 6. HP: 34/41 MP: 2/12
  4019 | D:4      | Reached XP level 7. HP: 34/46 MP: 11/13
  4347 | D:5      | Entered Level 5 of the Dungeon
  4401 | D:5      | Reached **** piety under Cheibriados
  4402 | D:5      | Reached skill level 5 in Dodging
  4408 | D:5      | Reached skill level 7 in Ice Magic
  4584 | D:5      | Reached skill level 5 in Spellcasting
  4968 | D:5      | Reached XP level 8. HP: 50/52 MP: 4/16
  5446 | D:6      | Reached skill level 8 in Ice Magic
  5478 | D:6      | HP: 2/52 [centaur/arrow (9)]
  5479 | D:6      | Shot with an arrow by a centaur

Illustrated notes

Levels and vault maps discovered:
D:1:      dpeg_arrival_round_b, layout_basic,
          shapermc_ecumenical_altar_mp_vishouse
D:2:      layout_rooms, serial_shops, nicolae_shop_stone, wad_woods_river_04
D:3:      layout_basic, gammafunk_ghost_abyssal_escape
D:4:      minmay_opposing_rooms, layout_basic, minmay_temple_entry_butterflies,
          st_stairs_2
D:5:      layout_loops_ring, hangedman_abyss_or_decor_passed
D:6:      layout_loops_ring, nicolae_overflow_crystal_walls,
          nicolae_underground_beach

Skill      XL: |  1  2  3  4  5  6  7  8 |
---------------+-------------------------+-----
Ice Magic      | 5 6 7 8 |  8.0
Dodging        | 3 4 5 6 |  6.1
Spellcasting   | 3 4 5 |  5.7
Stealth        | |  1.7

Action                   |  1- 3 |  4- 6 |  7- 9 || total
-------------------------+-------+-------+-------++-------
Melee: Spear             |   103 |    18 |       ||   121
       Whip              |       |    45 |    30 ||    75
 Cast: Freeze            |    12 |    35 |    38 ||    85
       Frozen Ramparts   |     3 |     5 |     4 ||    12
       Ozocubu's Armour  |       |     2 |     2 ||     4
 Abil: Hop               |       |       |     2 ||     2
  Use: Potion            |       |     3 |     1 ||     4
 Stab: Sleeping          |     2 |       |       ||     2
Armor: Robe              |     7 |    20 |    15 ||    42
Dodge: Dodged            |    67 |    84 |    59 ||   210

Table legend: (Time is in decaauts)
 A = Elapsed time spent in this place.
 B = Non-inter-level travel time spent in this place.
 C = Inter-level travel time spent in this place.
 D = Time resting spent in this place.
 E = Time spent auto-exploring this place.
 F = Levels seen in this place.
 G = Mean time per level.
                   A        B        C        D        E       F      G
               +--------+--------+--------+--------+--------+-----+--------+
         Total |   7738 |   7337 |    401 |      0 |   6318 |   6 | 1289.7 |
       Dungeon |   7738 |   7337 |    401 |      0 |   6318 |   6 | 1289.7 |
               +--------+--------+--------+--------+--------+-----+--------+

Top non-repeatable levels by time:
     D:4: 1813 daAuts
     D:2: 1579 daAuts
     D:5: 1565 daAuts
     D:1: 1347 daAuts
     D:3: 1243 daAuts
     D:6: 187 daAuts
